 Dungeon Crawl Stone Soup version 0.31.0-32-g396128a36d (webtiles) character file.

Game seed: 258252673453328801

193 spaghetti the Trooper (level 5, 0/45 HPs)
             Began as a Human Chaos Knight on Mar 14, 2024.
             Was a Plaything of Xom.
             Incinerated by a bombardier beetle (3 damage)
             ... with a burning spray
             ... on level 2 of the Dungeon.
             The game lasted 00:02:41 (1951 turns).

spaghetti the Trooper (Human Chaos Knight)          Turns: 1951, Time: 00:02:42

Health: 0/45       AC:  7    Str: 10    XL:     5   Next: 72%
Magic:  5/5        EV: 11    Int: 14    God:    Xom [*.....]
Gold:   148        SH:  0    Dex: 15    Spells: 4/4 levels left

rFire   . . .        a - +0 spear (chaos)
rCold   . . .        (no shield)
rNeg    . . .        b - +2 leather armour
rPois   .            j - +0 helmet
rElec   .            d - +0 cloak
rCorr   .            (no gloves)
SInv    .            (no boots)
Will    .....        (no amulet)
Stlth   +            (no ring)
HPRegen 0.27/turn    (no ring)
MPRegen 0.09/turn

%: random rage (3%)
@: on fire, glowing
A: explore regen, thin skeletal structure 1, berserk 1, weak 1
a: Renounce Religion


You were on level 2 of the Dungeon.
You worshipped Xom.
You were a special plaything of Xom.
You visited 1 branch of the dungeon, and saw 3 of its levels.

You collected 148 gold pieces.

Inventory:

Hand Weapons
 a - a +0 spear of chaos (weapon)
Missiles
 i - 6 curare-tipped darts (quivered)
Armour
 b - a +2 leather armour (worn)
 d - a +0 cloak (worn)
 j - a +0 helmet (worn)
Magical Staves
 l - a staff of air
Wands
 m - a wand of roots (10)
 r - a wand of flame (25)
Scrolls
 c - a scroll of butterflies
 e - 2 scrolls of identify
 f - 2 scrolls of enchant armour
 g - a scroll of fog
 o - a scroll of revelation {unknown}
 p - a scroll of silence {unknown}
Potions
 h - a potion of lignification
 n - 2 potions of brilliance


   Skills:
 + Level 5.6 Fighting
 - Level 3.0 Polearms
 - Level 2.0 Armour
 - Level 1.0 Dodging
 * Level 2.2 Evocations


You had 4 spell levels left.
You didn't know any spells.
Your spell library contained the following spells:

 Spells                   Type           Power      Damage    Failure   Level
 Sandblast                Erth           0%         2d4       36%         1
 Passwall                 Erth           0%         N/A       75%         3
 Stone Arrow              Conj/Erth      0%         3d7       75%         3
 Brom's Barrelling Bould  Conj/Erth      0%         2d3       98%         4


Dungeon Overview and Level Annotations

Branches:
Dungeon (3/15)

Altars:
Xom


Innate Abilities, Weirdness & Mutations

You regain HP and MP as you explore.
You have a somewhat thin skeletal structure. (Dex +2, Stealth+)
You sometimes lose your temper in combat.
You are weak. (Str -2)


Message History

You are too injured to fight recklessly!
You are too injured to fight recklessly!
You are too injured to fight recklessly!
You are too injured to fight recklessly!
You hit the bombardier beetle but do no damage.
The bombardier beetle is severely wounded.
The liquid fire burns you! The orc barely misses you.
The goblin completely misses you.
The bombardier beetle sprays incendiary fluid at you.
The burning spray hits you.
You are even more covered in liquid fire!
You hit the bombardier beetle.
The bombardier beetle looks even sicker.
The bombardier beetle is severely wounded.
The liquid fire burns you!
You kill the bombardier beetle!
The orc hits you but does no damage. The goblin closely misses you.
Your Evocations skill increases to level 2!
You closely miss the goblin. The liquid fire burns you!
The orc hits you with a +0 club. The goblin closely misses you.
You hit the goblin but do no damage.
The goblin suddenly stops moving!
The liquid fire burns you!
The goblin is no longer paralysed.
The orc closely misses you. The goblin hits you but does no damage.
You closely miss the goblin. The liquid fire burns you!
* * * LOW HITPOINT WARNING * * *
The orc hits you with a +0 club.
* * * LOW HITPOINT WARNING * * *
The goblin hits you but does no damage.
Okay, then.
You shake off some of the fire as you move.
The liquid fire burns you!
* * * LOW HITPOINT WARNING * * *
Items here: ) [ †††.
You shake off some of the fire as you move.
The liquid fire burns you!
You die... "Huh?
Did I miss anything?"

.......'.#..#########
......)#............#
............###.#####
............###.#
.........#....<.##
#######..........####
########..).......#
###.##........#..##.#
#.#.##..........@##.#
..#.##.#.......[.[#.#
...........#...)og..#
...###.#.#.......[#.###
............#.........#
.......##...#.).#...#.##
.<..............._.....#
.(.###.##..##.........##
...##..............####


You could see an orc and a goblin.

Vanquished Creatures
  A bombardier beetle (D:2)
  Ijyb (D:2)
  An orc wizard (D:2)
  A river rat (D:2)
  5 adders (D:2)
  A dart slug (D:1)
  2 orcs (D:2)
  4 endoplasms
  3 goblins (D:2)
  2 hobgoblins
  6 kobolds
  2 quokkas (D:2)
  11 ball pythons
  3 bats
  3 frilled lizards (D:2)
  10 rats
  A rat zombie (D:2)
57 creatures vanquished.

Notes
Turn   | Place    | Note
-------+----------+-------------------------------------------
     0 | D:1      | spaghetti the Human Chaos Knight began the quest for the
                  | Orb.
     0 | D:1      | Reached XP level 1. HP: 18/18 MP: 1/1
   166 | D:1      | Reached XP level 2. HP: 18/24 MP: 2/2
   308 | D:1      | XOM: divination: detect creatures
   366 | D:1      | Found a faded altar of an unknown god.
   607 | D:1      | XOM: summons 1 hostile shadow creature
   831 | D:2      | Reached skill level 4 in Fighting
   846 | D:2      | Reached XP level 3. HP: 27/30 MP: 3/3
  1020 | D:2      | XOM: god gift: 43 gold pieces
  1131 | D:2      | Reached XP level 4. HP: 34/38 MP: 4/4
  1309 | D:2      | XOM: polymorph ribbon worm -> bat
  1413 | D:2      | Reached skill level 5 in Fighting
  1500 | D:2      | XOM: silly message
  1508 | D:2      | XOM: give mutation
  1508 | D:2      | Gained mutation: You have a somewhat thin skeletal
                  | structure. (Dex +2, Stealth+) [Xom's grace]
  1613 | D:2      | XOM: god gift: tapered wooden wand {god gift}
  1755 | D:2      | XOM: give mutation
  1755 | D:2      | Gained mutation: You have hidden genetic defects. [Xom's
                  | mischief]
  1781 | D:3      | Noticed Ijyb
  1809 | D:2      | Killed Ijyb
  1810 | D:2      | Reached skill level 1 in Evocations
  1810 | D:2      | Reached XP level 5. HP: 28/44 MP: 5/5
  1819 | D:2      | Gained mutation: You are weak. (Str -2) [hidden defects]
  1820 | D:2      | XOM: scenery: create altars
  1893 | D:2      | Gained mutation: You sometimes lose your temper in combat.
                  | [hidden defects]
  1893 | D:2      | Lost mutation: You have hidden genetic defects. [hidden
                  | defects expressed]
  1951 | D:2      | Incinerated by a bombardier beetle

Illustrated notes

Levels and vault maps discovered:
D:1:      nagdon_arrival_double_spiral, layout_basic,
          nicolae_ecumenical_snake_handling
D:2:      layout_basic, minmay_snake_closets
D:3:      layout_loops_ring, minmay_close_crescents, uniq_ijyb

Skill      XL: |  1  2  3  4  5 |
---------------+----------------+-----
Fighting       | 4 5 |  5.6
Evocations     | 1 2 |  2.2
Polearms       | |  3.0
Armour         | |  2.0
Dodging        | |  1.0

Action                     |  1- 3 |  4- 6 || total
---------------------------+-------+-------++-------
  Melee: Spear             |   120 |   106 ||   226
         Punch             |     1 |     1 ||     2
    Use: Scroll            |     2 |       ||     2
         Potion            |       |     4 ||     4
   Stab: Sleeping          |       |     2 ||     2
 Armour: Leather armour    |    72 |    64 ||   136
         Skin              |       |     2 ||     2
  Dodge: Dodged            |    62 |    74 ||   136
